 Dungeon Crawl Stone Soup version 0.25.1-9-gc5326a611f (webtiles) character file.

Game seed: 2092325452323053499

381 Ge0ff the Cudgeler (level 6, -6/51 HPs)
             Began as a Centaur Warper on Dec 28, 2021.
             Mangled by a killer bee (7 damage)
             ... on level 3 of the Dungeon.
             The game lasted 00:19:16 (4975 turns).

Ge0ff the Cudgeler (Centaur Warper)                 Turns: 4975, Time: 00:19:16

Health: -6/51      AC:  6    Str: 16    XL:     6   Next: 46%
Magic:  8/8        EV:  7    Int: 12    God:
Gold:   113        SH:  0    Dex:  8    Spells: 8/8 levels left

rFire    . . .     SeeInvis .   a - +0 flail
rCold    . . .     Gourm    .   (no shield)
rNeg     + . .     Faith    .   N - +0 scale mail {rPois}
rPois    +         Spirit   .   (no helmet)
rElec    .         Reflect  .   (no cloak)
rCorr    .         Harm     .   (no gloves)
MR       .....                  (no barding)
Stlth    ..........             (no amulet)
HPRegen  0.17/turn              Q - ring of positive energy
MPRegen  0.11/turn              (no ring)

@: brilliant, lethally poisoned (-6 -> -17), about to teleport, very quick
A: large, hooves 3, deformed body, speed 2, tough skin 3
a: no special abilities


You were on level 3 of the Dungeon.
You were hungry.

You visited 1 branch of the dungeon, and saw 4 of its levels.

You collected 113 gold pieces.

Inventory:

Hand Weapons
 a - a +0 flail (weapon)
 b - a +1 dagger of draining
 T - a +0 trident of freezing
 V - a +0 mace
Missiles
 v - 3 curare-tipped darts {=f}
Armour
 D - a +0 plate armour
 N - a +0 scale mail of poison resistance (worn)
 P - a +0 tower shield
Jewellery
 Q - a ring of positive energy (left hand)
 S - an uncursed ring of fire
Scrolls
 y - a scroll of immolation
 F - 3 scrolls of fog
 I - 2 scrolls of amnesia
Potions
 X - a potion of flight
Comestibles
 r - 5 rations
 Y - a chunk of flesh


   Skills:
 - Level 3.6 Fighting
 * Level 5.5 Maces & Flails
 + Level 1.4 Throwing
 - Level 1.0 Armour
 - Level 1.3 Dodging
 - Level 1.5 Spellcasting
   Level 2.6 Translocations


You had 8 spell levels left.
You didn't know any spells.
Your spell library contained the following spells:

 Spells                   Type           Power        Failure   Level  Hunger
 Blink                    Tloc           N/A          47%         2    None
 Shroud of Golubria       Chrm/Tloc      #.....       67%         2    None
 Gell's Gravitas          Tloc           ##........   71%         3    None
 Lesser Beckoning         Tloc           ##........   71%         3    None
 Teleport Other           Tloc           ##......     71%         3    None
 Passage of Golubria      Tloc           N/A          98%         4    None


Dungeon Overview and Level Annotations

Branches:
Dungeon (4/15)
 Temple: D:4-7

Altars:
Cheibriados
Nemelex Xobeh
Yredelemnul

Annotations:
D:2 exclusion: killer bee


Innate Abilities, Weirdness & Mutations

You have hooves in place of feet.
Armour fits poorly on your strangely shaped body.
You cover ground very quickly.
You have extremely tough skin. (AC +3)


Message History

You are more poisoned.
The killer bee poisons you!
It was a potion of magic.
Magic courses through your body.
You feel sick. The killer bee stings you.
* * * LOW HITPOINT WARNING * * *
The killer bee stings you!
* * * LOW HITPOINT WARNING * * *
It was a potion of brilliance.
You feel clever all of a sudden.
You are feeling hungry.
* * * LOW HITPOINT WARNING * * *
You feel sick. The killer bee closely misses you.
The killer bee stings you but does no damage.
As you read the scroll labeled OHE SUMINGACS, it crumbles to dust.
You feel strangely unstable.
It was a scroll of teleportation.
* * * LOW HITPOINT WARNING * * *
You feel sick. The killer bee barely misses you. The killer bee stings you.
* * * LOW HITPOINT WARNING * * *
The killer bee stings you!
You die...

#.##............#.####
#.##.#######...[.....#
#.##.........####.##.####
#.#########..# #.##.#...
#.#########..####.##...#.
#..............##.##..###
###########..#....##...#.
#####..####.##.#...
#.@....###...#..###
#y####..........### #.#
#####...#..... #.#
##...##... #.# ####.#...
#.# #...... #.#########
#...... #....y....#
#......
#######............


You could see a killer bee.

Vanquished Creatures
  An orc warrior (D:2)
  A killer bee (D:3)
  An orc priest (D:3)
  Terence (D:3)
  Jessica (D:2)
  An orc wizard (D:3)
  7 adders
  A dart slug (D:1)
  2 leopard geckos
  9 orcs
  A ball python (D:1)
  6 giant cockroaches
  A goblin (D:2)
  4 hobgoblins
  2 jackals
  11 kobolds
  3 quokkas
  11 bats
  2 frilled lizards
  10 rats
76 creatures vanquished.

Notes
Turn   | Place    | Note
-------+----------+-------------------------------------------
     0 | D:1      | Ge0ff the Centaur Warper began the quest for the Orb.
     0 | D:1      | Reached XP level 1. HP: 17/17 MP: 3/3
    24 | D:1      | Reached skill level 2 in Maces & Flails
    39 | D:1      | Reached skill level 1 in Armour
   246 | D:1      | Reached XP level 2. HP: 23/24 MP: 4/4
  1018 | D:2      | Found a basalt altar of Yredelemnul.
  1090 | D:2      | Found a snail-covered altar of Cheibriados.
  1122 | D:2      | Reached skill level 3 in Maces & Flails
  1237 | D:2      | Reached XP level 3. HP: 29/29 MP: 5/5
  1446 | D:2      | You fall into a shaft and drop 2 floors!
  1772 | D:2      | Noticed an orc warrior
  2019 | D:2      | Reached XP level 4. HP: 34/36 MP: 6/6
  2166 | D:2      | Reached skill level 4 in Maces & Flails
  2740 | D:2      | Found a sparkling altar of Nemelex Xobeh.
  2740 | D:2      | Noticed Jessica
  2744 | D:2      | Killed Jessica
  2985 | D:3      | Reached XP level 5. HP: 38/41 MP: 7/7
  3632 | D:2      | Killed an orc warrior
  3632 | D:2      | Reached skill level 5 in Maces & Flails
  4012 | D:3      | Reached XP level 6. HP: 40/51 MP: 8/8
  4755 | D:3      | Noticed Terence
  4765 | D:3      | Killed Terence
  4974 | D:3      | HP: 1/51 [killer bee (2)]
  4975 | D:3      | Mangled by a killer bee

Illustrated notes

Levels and vault maps discovered:
D:1:      dpeg_arrival_stonehenge_12_columns, layout_loops_ring, serial_rivers,
          chequers_serial_rivers_small_b, chequers_serial_rivers_large_a,
          chequers_serial_rivers_small_3, chequers_serial_rivers_marsh,
          chequers_serial_rivers_small_b, minmay_misc_feat_hallway
D:2:      layout_rooms, cheibriados_altar_1, nicolae_overflow_crystal_walls,
          serial_curves, eino_curves_01, eino_curves_04, chequers_garden,
          nemelex_lonely_heart_becter
D:3:      layout_loops_ring, first_ration, grunt_ministairs_7, minivault_19,
          uniq_terence
D:4:      layout_rooms

Skill      XL: |  1  2  3  4  5 |
---------------+----------------+-----
Maces & Flails | 2 3 4 5 |  5.5
Armour         | 1 |  1.0
Fighting       | 3 |  3.6
Throwing       | |  1.4
Dodging        | |  1.3
Spellcasting   | |  1.5
Translocations | |  2.6

Action                   |  1- 3 |  4- 6 || total
-------------------------+-------+-------++-------
Melee: Mace              |   110 |    38 ||   148
       Kick              |    11 |    17 ||    28
       Flail             |       |   101 ||   101
       Dagger            |       |     6 ||     6
Throw: Boomerang         |     3 |     2 ||     5
       Dart              |       |     8 ||     8
  Use: Scroll            |     3 |     4 ||     7
       Potion            |       |     6 ||     6
  Eat: Chunk             |     3 |     4 ||     7
       Ration            |       |     1 ||     1
Armor: Leather armour    |    26 |       ||    26
       Ring mail         |    28 |    53 ||    81
       Scale mail        |       |     3 ||     3
Dodge: Dodged            |    63 |    86 ||   149

Levels and vault maps discovered:
D:1:      dpeg_arrival_stonehenge_12_columns, layout_loops_ring, serial_rivers,
          chequers_serial_rivers_small_b, chequers_serial_rivers_large_a,
          chequers_serial_rivers_small_3, chequers_serial_rivers_marsh,
          chequers_serial_rivers_small_b, minmay_misc_feat_hallway
D:2:      layout_rooms, cheibriados_altar_1, nicolae_overflow_crystal_walls,
          serial_curves, eino_curves_01, eino_curves_04, chequers_garden,
          nemelex_lonely_heart_becter
D:3:      layout_loops_ring, first_ration, grunt_ministairs_7, minivault_19,
          uniq_terence
D:4:      layout_rooms
